 Dungeon Crawl Stone Soup version 0.31-a0-188-g5e087ee2ca (webtiles) character file.

Game seed: 1479463233456975388

61 qw the Shooter (level 3, 0/20 HPs)
             Began as a Deep Elf Hunter on June 23, 2023.
             Slain by a gnoll
             ... wielding a +0 spear
              (5 damage)
             ... on level 3 of the Dungeon.
             The game lasted 00:00:32 (1817 turns).

qw the Shooter (Deep Elf Hunter)                    Turns: 1817, Time: 00:00:33

Health: 0/20       AC:  8    Str: 10    XL:     3   Next: 83%
Magic:  5/5        EV: 11    Int: 13    God:
Gold:   62         SH:  0    Dex: 18    Spells: 2/2 levels left

rFire   . . .        Y - +0 shortbow
rCold   . . .        (shield currently unavailable)
rNeg    + . .        j - +0 ring mail
rPois   .            (no helmet)
rElec   .            (no cloak)
rCorr   .            a - +1 pair of gloves
SInv    .            d - +0 pair of boots
Will    .....        (no amulet)
Stlth   +            b - ring of positive energy
HPRegen 0.23/turn    (no ring)
MPRegen 0.09/turn

%: no passive effects
@: about to teleport
A: no striking features
a: no special abilities


You were on level 3 of the Dungeon.
You visited 1 branch of the dungeon, and saw 3 of its levels.

You collected 84 gold pieces.
You spent 22 gold pieces at shops.


   Skills:
 - Level 1.5 Fighting
 + Level 7.3 Ranged Weapons
 - Level 2.4 Dodging
 - Level 1.2 Stealth


You had 2 spell levels left.
You didn't know any spells.
Your spell library was empty.

Inventory:

Hand Weapons
 Y - a +0 shortbow (weapon)
Armour
 a - a +1 pair of gloves (worn)
 d - a +0 pair of boots (worn)
 j - a +0 ring mail (worn)
Jewellery
 b - a ring of positive energy (left hand)
Scrolls
 m - a scroll of identify
Potions
 f - a potion of cancellation {unknown}
 g - a potion of lignification {unknown}
 h - a potion of ambrosia {unknown}

Dungeon Overview and Level Annotations

Branches:
Dungeon (3/15)

Altars:

Shops:
D:2 ?


Message History

You shoot an arrow. The arrow hits the bat!
You kill the bat!
You now have 62 gold pieces (gained 13).
Found an escape hatch in the ceiling.
Enter note:
Found a stone staircase leading down.
Enter note:
Found 6 stones.
Enter note: An adder and a gnoll come into view.
There is a stone staircase leading down here.
Enter note: You shoot an arrow.
The arrow hits the gnoll!
The gnoll shouts!
The gnoll is severely wounded.
The adder hisses angrily.
A gnoll comes into view. It is wielding a +0 spear.
A gnoll comes into view. It is wielding a +0 flail.
You shoot an arrow. The gnoll shouts!
The arrow hits the gnoll but does no damage.
The gnoll is severely wounded.
You hear a shout!
A gnoll comes into view. It is wielding a +0 club.
You shoot an arrow. The arrow barely misses the gnoll.
You shoot an arrow. The arrow hits the adder!
The adder is severely wounded.
You shoot an arrow. The arrow hits the adder.
You kill the adder!
You shoot an arrow. The arrow closely misses the gnoll.
The gnoll barely misses you. The gnoll hits you with a +0 flail!
The gnoll hits you but does no damage.
You shoot an arrow. The arrow hits the gnoll.
The gnoll is severely wounded.
The gnoll hits you but does no damage. The gnoll hits you with a +0 flail!
1817 ||| READING scroll of teleportation.
As you read the scroll of teleportation, it crumbles to dust.
You feel strangely unstable.
The gnoll hits you from afar with a +0 spear.
You die...

#...##.#.#....# #
#...##.#.#..### .
######.#....... ###.
#..########
....##########....#
##................####
..............#......#
.............##......#
......g@.............#
.............##......#
....gg.......##....###
.....g.......#######
.......(.....#
....########## ....
..#


You could see 4 gnolls.

Vanquished Creatures
  2 adders
  An ufetubus (D:3)
  A dart slug (D:2)
  3 ball pythons
  5 endoplasms
  3 giant cockroaches (D:2)
  A goblin (D:2)
  3 hobgoblins
  3 jackals (D:2)
  7 kobolds
  2 quokkas (D:2)
  2 bats
  A rat (D:3)
34 creatures vanquished.

Notes
Turn   | Place    | Note
-------+----------+-------------------------------------------
     0 | D:1      | qw the Deep Elf Hunter began the quest for the Orb.
     0 | D:1      | Reached XP level 1. HP: 12/12 MP: 3/3
     0 | D:1      | 0 ||| qw: Version: 0.3-a-9-g12657ce
     0 | D:1      | 0 ||| qw: Game counter: 4380
     0 | D:1      | 0 ||| qw: Always use a shield: true
     0 | D:1      | 0 ||| qw: God list: Okawaru
     0 | D:1      | 0 ||| qw: Allow faded altars: false
     0 | D:1      | 0 ||| qw: Do Orc after D:15 true
     0 | D:1      | 0 ||| qw: Do second Lair branch before Depths: true
     0 | D:1      | 0 ||| qw: Lair rune preference: random
     0 | D:1      | 0 ||| qw: Plans: Normal
     0 | D:1      | 0 ||| PLANNING D:1-11
   237 | D:1      | You fall into a shaft and drop 1 floor!
   268 | D:2      | 268 ||| UPGRADING to +0 pair of boots.
   273 | D:2      | 273 ||| READING scroll labelled YBRON MAPUVIHI.
   274 | D:2      | 274 ||| DROPPING scroll of butterflies.
   278 | D:2      | 278 ||| FLEEEEING.
   280 | D:2      | 280 ||| STAIRDANCE
   780 | D:1      | Reached skill level 6 in Ranged Weapons
   780 | D:1      | Reached XP level 2. HP: 16/16 MP: 4/4
   942 | D:1      | 942 ||| UPGRADING to +1 pair of gloves.
   947 | D:1      | 947 ||| UPGRADING to ring of positive energy.
   948 | D:1      | 948 ||| READING scroll labelled EJIBAR EKHLYE.
  1313 | D:2      | HP: 4/16 [quokka (2)]
  1317 | D:2      | Reached XP level 3. HP: 3/20 MP: 5/5
  1320 | D:2      | HP: 2/20 [quokka (2)]
  1428 | D:2      | Found Weimeq's Magic Scroll Shoppe.
  1440 | D:2      | 1440 ||| SHOPLISTING scroll of acquirement (572 gold, have
                  | 52).
  1440 | D:2      | 1440 ||| SHOPLISTING scroll of brand weapon (104 gold, have
                  | 52).
  1440 | D:2      | 1440 ||| BUYING scroll of identify (22 gold).
  1440 | D:2      | Bought a scroll of identify for 22 gold pieces
  1440 | D:2      | 1440 ||| SHOPLISTING scroll of teleportation (33 gold, have
                  | 30).
  1460 | D:2      | Reached skill level 7 in Ranged Weapons
  1548 | D:2      | 1548 ||| UPGRADING to +0 ring mail.
  1558 | D:2      | 1558 ||| DROPPING +0 leather armour.
  1559 | D:2      | 1559 ||| READING scroll labelled NELAQ YZOLUO.
  1560 | D:2      | 1560 ||| READING 2 scrolls labelled FERAUS XUUPP.
  1563 | D:2      | 1563 ||| READING scroll labelled NUMIB JIRU.
  1564 | D:2      | 1564 ||| READING scroll labelled LEGYSCHAULAO.
  1694 | D:3      | Identified the +3 spear of Untruth {protect, +Blink rElec
                  | SInv}
  1745 | D:3      | 1745 ||| DROPPING +2 sling of freezing.
  1816 | D:3      | HP: 4/20 [gnoll/+0 flail (9)]
  1817 | D:3      | 1817 ||| READING scroll of teleportation.
  1817 | D:3      | Slain by a gnoll

Levels and vault maps discovered:
D:1:      evilmike_arrival_fibonacci_small, layout_basic
D:2:      wad_pebble_path, layout_basic, serial_shops, shop, st_stairs_6,
          minmay_tromino_mix6
D:3:      layout_basic, overflow_temple_1_default, kennysheep_jessica_study

Skill      XL: |  1  2  3 |
---------------+----------+-----
Ranged Weapons | 6 7 |  7.3
Fighting       | |  1.5
Dodging        | |  2.4
Stealth        | |  1.2

Action                     || total
---------------------------++-------
   Fire: Shortbow          ||   111
    Use: Scroll            ||     7
 Armour: Leather armour    ||    26
         Ring mail         ||     2
  Dodge: Dodged            ||    36

Table legend:
 A = Non-vault XP
 B = Vault XP
 C = Vault XP percentage of total XP
 D = Non-vault monster count
 E = Vault monster count
 F = Vault count percentage of total count
                 A         B        C        D         E       F
            +---------+---------+-------+---------+---------+-------
      Total |      80 |       8 |   9.1 |      30 |       4 |  11.8
            +---------+---------+-------+---------+---------+-------
        D:1 |      12 |       0 |   0.0 |       7 |       0 |   0.0
        D:2 |      44 |       8 |  15.4 |      18 |       4 |  18.2
        D:3 |      24 |       0 |   0.0 |       5 |       0 |   0.0
            +---------+---------+-------+---------+---------+-------
